 Dungeon Crawl Stone Soup version 0.31-a0-277-g31ea1f65cc (webtiles) character file.

Game seed: 8917691805809255915

363 bmack86 the Cleaver (level 6, -1/51 HPs)
             Began as a Minotaur Fighter on July 15, 2023.
             Slain by Grinder (8 damage)
             ... on level 3 of the Dungeon.
             The game lasted 00:06:17 (1734 turns).

bmack86 the Cleaver (Minotaur Fighter)              Turns: 1734, Time: 00:06:17

Health: -1/51      AC: 12    Str: 23    XL:     6   Next: 39%
Magic:  5/5        EV:  6    Int:  5    God:
Gold:   107        SH:  4    Dex:  9    Spells: 5/5 levels left

rFire   . . .        a - +0 war axe
rCold   . . .        c - +0 buckler
rNeg    . . .        m - +0 plate armour
rPois   .            o - +0 hat
rElec   .            (no cloak)
rCorr   .            f - +0 pair of gloves
SInv    .            (no boots)
Will    .....        (no amulet) Stlth
                     e - ring of flight
HPRegen 0.28/turn    (no ring)
MPRegen 0.09/turn

%: no passive effects
@: mighty, flying
A: horns 2, retaliatory headbutt
a: no special abilities


You were on level 3 of the Dungeon.
You visited 1 branch of the dungeon, and saw 3 of its levels.

You collected 107 gold pieces.

Inventory:

Hand Weapons
 a - a +0 war axe (weapon)
Armour
 b - a +0 scale mail
 c - a +0 buckler (worn)
 f - a +0 pair of gloves (worn)
 m - a +0 plate armour (worn)
 o - a +0 hat (worn)
Jewellery
 e - a ring of flight (left hand)
 n - a ring of protection from fire
Scrolls
 g - a scroll of identify
 i - 2 scrolls of poison {unknown}
 j - a scroll of vulnerability {unknown}
 k - a scroll of immolation {unknown}
Potions
 h - a potion of enlightenment
 l - a potion of curing


   Skills:
 - Level 3.6 Fighting
 + Level 8.3 Axes
 - Level 3.6 Armour
 - Level 3.6 Shields


You had 5 spell levels left.
You didn't know any spells.
Your spell library contained the following spells:

 Spells                   Type           Power      Damage    Failure   Level
 Ensorcelled Hibernation  Hex/Ice        0%         N/A       100%        2
 Passwall                 Tmut/Erth      0%         N/A       100%        2
 Swiftness                Air            0%         N/A       100%        3


Dungeon Overview and Level Annotations

Branches:
Dungeon (3/15)

Altars:
Qazlal

Shops:
D:1 (

Annotations:
D:3 Grinder


Innate Abilities, Weirdness & Mutations

You have a pair of horns on your head.
You reflexively headbutt those who attack you in melee.


Message History

The dart slug launches a dart at you. The slug dart hits you.
Grinder gestures at you.
You suddenly lose the ability to move!
The gnoll hits you with a +0 flail. The gnoll hits you but does no damage.
The gnoll hits you but does no damage. Grinder gestures at you.
You shrug off the repeated paralysis!
You can move again.
You block the gnoll's attack. Grinder hits you but does no damage.
Things that are here:
a +0 halberd; a gnoll corpse Unknown command.
You barely miss Grinder.
Grinder is moderately wounded.
You hit the gnoll. You block the gnoll's attack. Grinder hits you.
* * * LOW HITPOINT WARNING * * *
You writhe in agony.
* * * LOW HITPOINT WARNING * * *
You closely miss Grinder.
Grinder is moderately wounded.
You hit the dart slug but do no damage. You barely miss the gnoll.
The gnoll hits you with a +0 flail.
* * * LOW HITPOINT WARNING * * *
Grinder gestures at you. You resist with significant effort.
Unknown command.
You barely miss Grinder.
Grinder is moderately wounded.
You hit the gnoll but do no damage. You slash the dart slug!
The gnoll hits you with a +0 flail.
* * * LOW HITPOINT WARNING * * *
Grinder gestures at you.
You barely resist.
The dart slug splashes around in the water.
The gnoll barely misses you.
You feel very mighty all of a sudden. Grinder hits you!
You die...

~~.# '....' ≈~.# #....#
≈~.# # #....# ≈~.###.
#....# ~~.#.. #....#
≈###'# #....#
≈#...#############)'''####
≈#.gg#).........g.)†......
≈#####≈≈~~≈)~~)~@5....~~~~
≈≈≈≈≈≈≈≈≈≈≈≈≈~≈≈~w....~≈≈≈
~~~~≈~~~~~≈†~~~~~~....≈~~≈
..........................
##############....>.......
#.######..### #.# #.# #.#
.# #.#


You could see Grinder, a gnoll and a dart slug.

Vanquished Creatures
  A kobold brigand (D:3)
  A howler monkey (D:3)
  3 hounds (D:3)
  7 gnolls
  An adder (D:2)
  2 worms (D:3)
  3 dart slugs (D:1)
  2 orcs (D:3)
  9 ball pythons
  6 bats
  4 endoplasms
  2 giant cockroaches (D:1)
  7 goblins
  7 hobgoblins
  10 jackals (D:3)
  A quokka (D:2)
  3 frilled lizards
  5 kobolds
  3 rats
77 creatures vanquished.

Notes
Turn   | Place    | Note
-------+----------+-------------------------------------------
     0 | D:1      | bmack86 the Minotaur Fighter began the quest for the Orb.
     0 | D:1      | Reached XP level 1. HP: 19/19 MP: 0/0
    22 | D:1      | Found Duod's Antique Weapon Shoppe.
    27 | D:1      | Reached skill level 3 in Axes
    75 | D:1      | Reached XP level 2. HP: 26/26 MP: 1/1
   189 | D:1      | Reached skill level 4 in Axes
   272 | D:1      | Reached XP level 3. HP: 30/31 MP: 2/2
   540 | D:2      | Found a faded altar of an unknown god.
   877 | D:2      | Reached skill level 5 in Axes
   893 | D:2      | Found a stormy altar of Qazlal.
   947 | D:2      | Reached XP level 4. HP: 39/39 MP: 3/3
  1441 | D:3      | Reached skill level 6 in Axes
  1559 | D:3      | Reached XP level 5. HP: 45/45 MP: 4/4
  1588 | D:3      | Reached skill level 7 in Axes
  1686 | D:3      | Reached XP level 6. HP: 51/51 MP: 5/5
  1714 | D:3      | Noticed Grinder
  1717 | D:3      | Reached skill level 8 in Axes
  1726 | D:3      | Paralysed by Grinder for 4 turns
  1734 | D:3      | Slain by Grinder

Illustrated notes

Levels and vault maps discovered:
D:1:      psy_arrival_statuary, layout_basic, serial_shops, shop,
          minmay_pentomino_q4
D:2:      layout_basic, shapermc_ecumenical_altar_ellora, basic_altar
D:3:      lemuel_castle_with_subvaults [lemuel_castle_interior_carwin_2],
          layout_basic, uniq_grinder, uniq_robin

Skill      XL: |  1  2  3  4  5  6 |
---------------+-------------------+-----
Axes           | 3 4 5 6 7 8 |  8.3
Fighting       | |  3.6
Armour         | |  3.6
Shields        | |  3.6

Action                     |  1- 3 |  4- 6 || total
---------------------------+-------+-------++-------
  Melee: War axe           |    60 |    97 ||   157
         Headbutt          |     8 |    12 ||    20
    Use: Scroll            |       |     2 ||     2
         Potion            |       |     1 ||     1
 Armour: Scale mail        |    32 |       ||    32
         Plate armour      |       |    73 ||    73
  Dodge: Dodged            |    24 |    43 ||    67
  Block: Buckler           |    14 |    20 ||    34

Table legend: (Time is in decaauts)
 A = Elapsed time spent in this place.
 B = Non-inter-level travel time spent in this place.
 C = Inter-level travel time spent in this place.
 D = Time resting spent in this place.
 E = Time spent auto-exploring this place.
 F = Levels seen in this place.
 G = Mean time per level.
                   A        B        C        D        E       F      G
               +--------+--------+--------+--------+--------+-----+--------+
         Total |   1771 |   1727 |     44 |      0 |    970 |   3 |  590.3 |
       Dungeon |   1771 |   1727 |     44 |      0 |    970 |   3 |  590.3 |
               +--------+--------+--------+--------+--------+-----+--------+

Top non-repeatable levels by time:
     D:2: 781 daAuts
     D:1: 520 daAuts
     D:3: 468 daAuts
